 Dungeon Crawl Stone Soup version 0.17-a0-1007-gb2305a1 (webtiles) character file.

131 Kisielow the Insei (level 5, -2/37 HPs)
             Began as a Merfolk Transmuter on May 13, 2015.
             Slain by Postman's ghost (4 damage)
             ... on level 4 of the Dungeon.
             The game lasted 00:07:18 (2433 turns).

Kisielow the Insei (Merfolk Transmuter)             Turns: 2433, Time: 00:07:18

Health: -2/37      AC:  2    Str: 10    XL:     5   Next: 14%
Magic:  5/8        EV: 26    Int: 13    God:
Gold:   117        SH:  0    Dex: 25    Spells: 2 memorised, 4 levels left

rFire  . . .     SeeInvis .       - Unarmed
rCold  . . .     Clarity  .     (armour currently unavailable)
rNeg   . . .     SustAb   .     (shield currently unavailable)
rPois  x         Gourm    +     (helmet currently unavailable)
rElec  .         Spirit   .     (cloak currently unavailable)
rCorr  .         Warding  .     (gloves currently unavailable)
rMut   .         Stasis   .     (boots currently unavailable)
MR     .....                    g - amulet of the gourmand
Stlth  ++........               (no ring)
                                (no ring)

@: agile, spider-form, glowing, not resistant to hostile enchantments,
unstealthy
A: (change form in water), (swift swim), (fire resistance 0)
a: End Transformation


You were on level 4 of the Dungeon.
You were very full.
You were a venomous arachnid creature.
You visited 1 branch of the dungeon, and saw 4 of its levels.

You collected 117 gold pieces.

Inventory:

Missiles
 a - 36 arrows
Armour
 b - a +0 robe (melded)
 x - a +1 pair of gloves (melded)
Jewellery
 f - an uncursed ring of wizardry {unknown}
 g - an amulet of the gourmand (around neck)
 h - an uncursed amulet of clarity
Scrolls
 e - 2 scrolls of identify
 j - a scroll of fog
Potions
 k - a potion of resistance
Books
 c - a book of Changes

   Spells                             Type                      Level
   a - Beastly Appendage              Transmutation                1
   b - Sticks to Snakes               Transmutation                2
   c - Spider Form                    Transmutation/Poison         3
   d - Ice Form                       Ice/Transmutation            4
   e - Blade Hands                    Transmutation                5
 u - a book of Burglary

   Spells                             Type                      Level
   a - Swiftness                      Charms/Air                   2
   b - Passwall                       Transmutation/Earth          3
   c - Passage of Golubria            Translocation                4
   d - Lee's Rapid Deconstruction     Earth                        5
   e - Invisibility                   Hexes                        6
   f - Darkness                       Hexes                        7
Comestibles
 d - 3 bread rations
 p - a meat ration
 r - a slice of pizza


   Skills:
 - Level 1.1 Fighting
 - Level 2.6 Dodging
 - Level 4.7 Unarmed Combat
 - Level 2.0 Spellcasting
 * Level 4.6 Transmutations
 - Level 2.1 Poison Magic


You had 4 spell levels left.
You knew the following spells:

 Your Spells              Type           Power        Failure   Level  Hunger
a - Beastly Appendage     Trmt           ##....       14%         1    ##.....
s - Spider Form           Trmt/Pois      ##........   41%         3    ####...


Dungeon Overview and Level Annotations

Branches:
Dungeon (4/15)
 Temple: D:4-7

Altars:
Ashenzari
Cheibriados
Ru

Annotations:
D:3 Postman's ghost, average DsGl
D:4 Postman's ghost, average DsEn


Innate Abilities, Weirdness & Mutations

((You revert to your normal form in water.))
((You are very nimble and swift while swimming.))
((Your flesh is heat resistant.))


Message History

You fall asleep.
Postman's ghost barely misses you. Postman's ghost completely misses you.
Postman's ghost completely misses you. Postman's ghost closely misses you.
You wake up.
Casting: Spider Form
Confirm with . or Enter, or press ? or * to list all spells.
You turn into a venomous arachnid creature.
Your +1 pair of gloves melds into your body.
Your +0 robe melds into your body.
Postman's ghost shrieks, "What do you have that I didn't have?"
Postman's ghost hits you.
* * * LOW HITPOINT WARNING * * *
You closely miss Postman's ghost.
Postman's ghost is almost destroyed.
Postman's ghost barely misses you.
You hit Postman's ghost but do no damage.
Postman's ghost is almost destroyed.
Postman's ghost hits you.
You die...

,,...#......## *#.***#.###.#
,,.##........##### *,,,*#.,*#.#
**...............###****,*##,,#.#
**..####.#.#.#.#...,,,,*,****,[.*
*,,** ##.........##**,,,,,,,,*..*
*,,**##.#.#.#.#.#.#**,,,,,,,,*,,*
,,,,*#............##,,,,,,,,,,,,,
,**,*#.#.#.#.#.#.#.#,********,,,,
,**,...........Ws..#,* *,,,,
,,....#.#.#.#.#.#.#..# *,,,,
**####.......(%......# *,,,, *
#.#.#.#.#.#.#.### *,,,, *
#.......(....## *,,,,
#..#.#.#.#.#.# *****
***,,....,,,## *,#.#.#,*,*
**,,,,,,,**


You could see Postman's ghost.

Vanquished Creatures
  2 orc wizards (D:4)
  An adder (D:1)
  2 worms
  3 orcs
  2 giant cockroaches (D:2)
  9 goblins
  10 hobgoblins
  2 jackals
  A ball python (D:2)
  3 bats
  2 giant newts (D:2)
  7 kobolds
  2 quokkas
  9 rats
55 creatures vanquished.

Notes
Turn   | Place    | Note
--------------------------------------------------------------
     0 | D:1      | Kisielow the Merfolk Transmuter began the quest for the Orb.
     0 | D:1      | Reached XP level 1. HP: 15/15 MP: 3/3
   151 | D:1      | Reached XP level 2. HP: 21/21 MP: 3/5
   337 | D:1      | Reached skill level 4 in Unarmed Combat
   869 | D:1      | Reached XP level 3. HP: 7/26 MP: 6/6
  1297 | D:2      | Learned a level 3 spell: Spider Form
  1479 | D:2      | Reached skill level 1 in Poison Magic
  1665 | D:2      | Found a sacrificial altar of Ru.
  1865 | D:3      | Reached XP level 4. HP: 29/32 MP: 5/7
  2027 | D:3      | Noticed Postman's ghost (average DsGl)
  2047 | D:4      | Gained mutation: Your flesh is heat resistant. [potion of beneficial mutation]
  2051 | D:4      | Reached XP level 5. HP: 9/37 MP: 2/8
  2308 | D:4      | Found a snail-covered altar of Cheibriados.
  2308 | D:4      | Found a shattered altar of Ashenzari.
  2384 | D:4      | Noticed Postman's ghost (average DsEn)
  2433 | D:4      | Slain by Postman's ghost

Vault maps used:
D:1:      tarquinn_simple_flora_water_b, st_stairs_11, hex_tiny
D:2:      lemuel_round_altar
D:3:      hangedman_decor_clover_reticule, uniq_robin, uniq_natasha
D:4:      gammafunk_temple_overflow_pools, nicolae_overflow_hidden_temple,
          hex_medium

Action                   |  1- 3 |  4- 6 || total
-------------------------+-------+-------++-------
Melee: Unarmed           |   117 |    58 ||   175
 Cast: Beastly Appendage |    23 |     4 ||    27
       Spider Form       |     1 |     4 ||     5
  Use: Potion            |       |     6 ||     6
       Scroll            |       |    11 ||    11
  Eat: Chunk             |    17 |     2 ||    19
